 Dungeon Crawl Stone Soup version 0.18.0-2-g198d6d4 (webtiles) character file.

61 Tarnath the Grave Robber (level 3, 0/19 HPs)
             Began as a Deep Elf Necromancer on May 5, 2016.
             Slain by Robin
             ... wielding a +2 spear of freezing
              (5 damage)
             ... on level 2 of the Dungeon.
             The game lasted 00:06:15 (1136 turns).

Tarnath the Grave Robber (Deep Elf Necromancer)     Turns: 1136, Time: 00:06:16

Health: 0/19       AC:  2    Str:  5    XL:     3   Next: 83%
Magic:  10/10      EV: 13    Int: 20    God:
Gold:   66         SH:  0    Dex: 15    Spells: 3 memorised, 5 levels left

rFire  . . .     SeeInvis .     (no weapon)
rCold  + . .     Gourm    .     a - +0 robe
rNeg   . . .     Faith    .     (no shield)
rPois  .         Spirit   .     (no helmet)
rElec  .         Dismiss  .     (no cloak)
rCorr  .         Reflect  .     (no gloves)
SustAt .         Harm     .     (no boots)
MR     .....                    (no amulet)
Stlth  ++........               (no ring)
                                f - ring of protection from cold

@: not resistant to hostile enchantments, unstealthy
A: no striking features
a: no special abilities


You were on level 2 of the Dungeon.
You were hungry.

You visited 1 branch of the dungeon, and saw 2 of its levels.

You collected 66 gold pieces.

Inventory:

Armour
 a - a +0 robe (worn)
 g - a +0 buckler
Jewellery
 f - a ring of protection from cold (left hand)
Scrolls
 d - 2 scrolls of identify {unknown}
 e - a scroll of fog {unknown}
 i - a scroll of immolation {unknown}
Potions
 j - a potion of curing {unknown}
 l - a potion of agility {unknown}
Books
 b - a book of Necromancy

   Spells                             Type                      Level
   a - Pain                           Necromancy                   1
   b - Animate Skeleton               Necromancy                   1
   c - Vampiric Draining              Necromancy                   3
   d - Regeneration                   Charms/Necromancy            3
   e - Animate Dead                   Necromancy                   4
   f - Control Undead                 Necromancy                   4
Comestibles
 c - 2 bread rations
 k - a meat ration


   Skills:
 - Level 2.4 Dodging
 - Level 2.4 Stealth
 + Level 4.0 Spellcasting
 * Level 6.1 Necromancy


You had 5 spell levels left.
You knew the following spells:

 Your Spells              Type           Power        Failure   Level  Hunger
a - Pain                  Necr           ####         1%          1    None
q - Animate Skeleton      Necr           N/A          1%          1    None
s - Vampiric Draining     Necr           ####......   3%          3    ###....


Dungeon Overview and Level Annotations

Branches:
Dungeon (2/15)

Altars:
Qazlal
Xom

Annotations:
D:2 Robin


Message History

Robin roars a battlecry!
Robin roars a battlecry!
You see here a dagger.
All of the chunks of flesh in your inventory have rotted away.
Robin roars a battlecry!
Casting: Pain
Confirm with . or Enter, or press ? or * to list all spells.
Aiming: Pain
Press: ? - help, Shift-Dir - straight line, f/p - Robin
Aim: Robin, wielding a spear of freezing, wearing an animal skin and wearing a helmet (heavily wounded, chance to defeat MR: 89%) Robin barely resists.
A goblin comes into view.
The goblin falls through a shaft!
The shaft crumbles and collapses.
There is an open door here.
You are feeling hungry.
Robin says, "A pitiful Elf like you will never find the ORB!"
Robin's horned helmet rattles.
There is a stone staircase leading up here.
Robin hits you with a spear of freezing.
You die...

#.# #.# #.# #.# ###.##
###########
##...###.........#
#.....##.#######.#
##...###.# #g### .........#
##@..# ###.###### #..<.### #
#.# ##.....# ###'## ##.##.#
##...## #########.###
#.....## #...Z.#ยง....#
.......## #Z.##.#.....##.
........####..##.Z.._......
........+..%..####.....#....


You could see Robin.

Vanquished Creatures
  2 adders (D:2)
  A giant gecko (D:1)
  5 bats
  2 giant cockroaches (D:1)
  6 goblins
  4 hobgoblins
  2 giant newts (D:2)
  3 kobolds
  5 rats
30 creatures vanquished.

Vanquished Creatures (collateral kills)
  An adder (D:2)
  A bat (D:1)
  2 giant cockroaches
  3 goblins (D:2)
7 creatures vanquished.

Grand Total: 37 creatures vanquished

Notes
Turn   | Place    | Note
--------------------------------------------------------------
     0 | D:1      | Tarnath the Deep Elf Necromancer began the quest for the Orb.
     0 | D:1      | Reached XP level 1. HP: 10/10 MP: 6/6
     8 | D:1      | Learned a level 1 spell: Animate Skeleton
    68 | D:1      | Reached skill level 5 in Necromancy
   158 | D:1      | Reached XP level 2. HP: 13/15 MP: 6/8
   739 | D:2      | Reached XP level 3. HP: 17/19 MP: 8/10
   744 | D:2      | Learned a level 3 spell: Vampiric Draining
   763 | D:2      | Found a stormy altar of Qazlal.
   874 | D:2      | Found a shimmering altar of Xom.
   978 | D:2      | Reached skill level 6 in Necromancy
  1036 | D:2      | Noticed Robin
  1136 | D:2      | Slain by Robin

Skill      XL: |  1  2  3 |
---------------+----------+-----
Necromancy     | 5 6 |  6.1
Spellcasting   | 4 |  4.0
Dodging        | |  2.4
Stealth        | |  2.4

Action                   || total
-------------------------++-------
Melee: Unarmed           ||     2
 Cast: Pain              ||    45
       Animate Skeleton  ||    15
       Vampiric Draining ||     1
 Stab: Sleeping          ||     1
Armor: Robe              ||     5
Dodge: Dodged            ||     5
